 Dungeon Crawl Stone Soup version 0.30-a0-475-g03497ec522 (webtiles) character file.

Game seed: 5083873236401362083

2773 IdlyInterested the Carver (level 9, 0/65 HPs)
             Began as a Demonspawn Gladiator on Dec 20, 2022.
             Slain by a killer bee (1 damage)
             ... on level 7 of the Dungeon.
             The game lasted 00:23:51 (7044 turns).

IdlyInterested the Carver (Demonspawn Gladiator)    Turns: 7044, Time: 00:23:52

Health: 0/65       AC: 11    Str: 14    XL:     9   Next: 42%
Magic:  10/10      EV: 14    Int:  9    God:
Gold:   49         SH:  6    Dex: 22    Spells: 8/8 levels left

rFire   . . .      SeeInvis .    a - +0 long sword
rCold   . . .      Faith    .    (no shield)
rNeg    . . .      Spirit   .    J - +3 leather armour {rPois}
rPois   +          Reflect  .    c - +0 helmet
rElec   .          Harm     .    (no cloak)
rCorr   .          Rampage  .    q - +1 pair of gloves
Will    .....      Rage     3%   o - +1 pair of boots
Stlth   ++........ Rnd*Tele +    r - amulet of the acrobat
HPRegen 0.30/turn                (no ring)
MPRegen 0.24/turn                (no ring)

@: no status effects
A: large bone plates 2, ignite blood 1, magic regeneration, agile 1, berserk 1,
teleportitis 1
a: no special abilities


You were on level 7 of the Dungeon.
You visited 2 branches of the dungeon, and saw 8 of its levels.

You collected 524 gold pieces.
You spent 475 gold pieces at shops.

Inventory:

Hand Weapons
 a - a +0 long sword (weapon)
 h - a +0 long sword
 j - the +8 trident "Killer Bee's Foe" {venom, Contam rN+ Int+4 Dex+5}
   (You bought it in a shop on level 5 of the Dungeon)

   It poisons the flesh of those it strikes.
   Int:       It affects your intelligence (+4).
   Dex:       It affects your dexterity (+5).
   rN:        It protects you from negative energy.
   Contam:    It causes magical contamination when unequipped.
 I - a +4 dagger of venom
Missiles
 d - 3 throwing nets
 f - 10 boomerangs
 k - 5 stones (quivered)
 x - 12 poisoned darts
 y - 6 atropa-tipped darts
 C - a javelin
Armour
 c - a +0 helmet (worn)
 o - a +1 pair of boots (worn)
 q - a +1 pair of gloves (worn)
 J - a +3 leather armour of poison resistance (worn)
Jewellery
 l - a ring of ice
 r - an amulet of the acrobat (around neck)
 G - an amulet of faith
Wands
 n - a wand of polymorph (10)
 w - a wand of paralysis (5)
 z - a wand of iceblast (4)
Scrolls
 e - a scroll of teleportation
 E - a scroll of amnesia
Potions
 b - 2 potions of haste {unknown}
 g - a potion of mutation
 i - 2 potions of lignification
 m - a potion of heal wounds
 t - a potion of curing
 v - a potion of resistance
 A - a potion of cancellation
 B - a potion of invisibility {unknown}
 F - a potion of flight
 H - 2 potions of brilliance {unknown}


   Skills:
 - Level 4.0 Fighting
 + Level 11.0 Long Blades
 - Level 2.0 Throwing
 - Level 1.0 Armour
 - Level 4.0 Dodging
 * Level 1.6 Invocations
 - Level 2.0 Evocations


You had 8 spell levels left.
You didn't know any spells.
Your spell library contained the following spells:

 Spells                   Type           Power      Damage    Failure   Level
 Shock                    Conj/Air       0%         1d3       45%         1
 Blink                    Tloc           0%         N/A       58%         2
 Swiftness                Air            0%         N/A       83%         3
 Airstrike                Air            0%         2d(0-16)  99%         4
 Manifold Assault         Tloc           0%         N/A       99%         4
 Storm Form               Tmut/Air       0%         N/A       100%        7


Dungeon Overview and Level Annotations

Branches:
Dungeon (7/15)             Temple (1/1) D:6

Altars:
Ashenzari
Cheibriados
Dithmenos
Gozag
Hepliaklqana
Makhleb
Nemelex Xobeh
Okawaru
Qazlal
Ru
Sif Muna
Trog
Uskayaw
Vehumet
Wu Jian
Xom
Yredelemnul

Shops:
D:3 *   D:5 (


Innate Abilities, Weirdness & Mutations

You are mostly covered in large bone plates. (SH +6)
Your demonic aura sometimes causes spilled blood to erupt in flames.
You regenerate magic rapidly.
You are agile. (Dex +4, Str/Int -1)
You sometimes lose your temper in combat.
You are occasionally teleported next to monsters.


Message History

The orc hits you from afar with a +0 trident.
The killer bee stings you.
The killer bee stings you but does no damage.
You block the killer bee's attack. The bullfrog hits you!
* * * LOW HITPOINT WARNING * * *
You hit the killer bee.
The killer bee is severely wounded.
You block the killer bee's attack. The killer bee stings you.
* * * LOW HITPOINT WARNING * * *
The killer bee stings you.
* * * LOW HITPOINT WARNING * * *
The orc hits you but does no damage.
The bullfrog hits you but does no damage.
The killer bee stings you but does no damage. x2
The killer bee misses you.
You closely miss the killer bee.
The killer bee is severely wounded.
The killer bee misses you. You block the killer bee's attack.
The killer bee stings you.
* * * LOW HITPOINT WARNING * * *
The bullfrog hits you.
* * * LOW HITPOINT WARNING * * *
You block the orc's attack. The killer bee completely misses you.
You block the killer bee's attack. The killer bee closely misses you.
You hit the killer bee.
The killer bee is almost dead.
The bullfrog hits you but does no damage.
You block the killer bee's attack. The killer bee closely misses you.
You block the killer bee's attack. The orc hits you but does no damage.
Unknown command.
You slash the killer bee!
You kill the killer bee!
The killer bee closely misses you. The killer bee completely misses you.
The bullfrog closely misses you. You block the killer bee's attack.
The killer bee completely misses you. The orc barely misses you.
You block the bullfrog's attack.
You miss the killer bee. The killer bee stings you.
* * * LOW HITPOINT WARNING * * *
The killer bee stings you.
You die...

#.......
#......
#......
#.....#
#+##.....#
.........#
......o.{#
......oyy#
...?..{o@#
.......F)#
.........#
.........#
.........#
##+###....
#....
#....


You could see a bullfrog, 2 killer bees and 3 orcs.

Vanquished Creatures
  Pikel (D:6)
  Eustachio (D:6)
  A steam dragon (D:6)
  Edmund (D:6)
  3 ice beasts
  A sky beast (D:6)
  5 ogres
  A boggart (D:6)
  2 lemures (D:6)
  A phantom (D:5)
  A kobold brigand (D:6)
  A necrophage (D:6)
  3 scorpions
  2 killer bees (D:7)
  A howler monkey (D:6)
  A crimson imp (D:3)
  3 hounds
  2 jellies
  3 orc priests
  2 iguanas
  3 orc wizards
  6 gnolls
  8 adders
  A dart slug (D:2)
  11 orcs
  6 ball pythons
  7 endoplasms
  2 giant cockroaches
  7 goblins
  4 hobgoblins
  8 jackals
  3 quokkas
  6 bats
  3 frilled lizards
  A goblin skeleton (D:3)
  A goblin zombie (D:3)
  2 hobgoblin zombies (D:3)
  10 kobolds
  2 kobold zombies (D:3)
  6 rats
133 creatures vanquished.

Notes
Turn   | Place    | Note
-------+----------+-------------------------------------------
     0 | D:1      | IdlyInterested the Demonspawn Gladiator began the quest for
                  | the Orb.
     0 | D:1      | Reached XP level 1. HP: 16/16 MP: 1/1
   136 | D:1      | Found a faded altar of an unknown god.
   191 | D:1      | Reached skill level 3 in Long Blades
   191 | D:1      | Gained mutation: You are partially covered in large bone
                  | plates. (SH +4) [demonic ancestry]
   191 | D:1      | Reached XP level 2. HP: 22/22 MP: 2/2
  1356 | D:2      | Gained mutation: You are weak. (Str -2) [potion of
                  | mutation]
  1356 | D:2      | Gained mutation: You have a pair of small horns on your
                  | head. [potion of mutation]
  1356 | D:2      | Gained mutation: You are occasionally teleported next to
                  | monsters. [potion of mutation]
  1356 | D:2      | Gained mutation: You have sharp fingernails. [potion of
                  | mutation]
  1373 | D:2      | Reached XP level 3. HP: 24/27 MP: 3/3
  1447 | D:2      | Gained mutation: You are mostly covered in large bone
                  | plates. (SH +6) [demonic ancestry]
  1447 | D:2      | Reached XP level 4. HP: 15/33 MP: 4/4
  1708 | D:2      | Lost mutation: You have a pair of small horns on your head.
                  | [potion of mutation]
  1708 | D:2      | Lost mutation: You have sharp fingernails. [potion of
                  | mutation]
  1708 | D:2      | Gained mutation: You are clumsy. (Dex -2) [potion of
                  | mutation]
  1708 | D:2      | Lost mutation: You are weak. (Str -2) [potion of mutation]
  1708 | D:2      | Gained mutation: You are dopey. (Int -2) [potion of
                  | mutation]
  1709 | D:2      | Lost mutation: You are dopey. (Int -2) [potion of mutation]
  1709 | D:2      | Lost mutation: You are clumsy. (Dex -2) [potion of
                  | mutation]
  1709 | D:2      | Gained mutation: You are agile. (Dex +4, Str/Int -1)
                  | [potion of mutation]
  1709 | D:2      | Gained mutation: Your mind is acute. (Int +4, Str/Dex -1)
                  | [potion of mutation]
  1709 | D:2      | Gained mutation: You have hidden genetic defects. [potion
                  | of mutation]
  2108 | D:3      | Reached skill level 4 in Long Blades
  2120 | D:3      | Lost mutation: Your mind is acute. (Int +4, Str/Dex -1)
                  | [hidden defects]
  2170 | D:3      | Gained mutation: You sometimes lose your temper in combat.
                  | [hidden defects]
  2170 | D:3      | Lost mutation: You have hidden genetic defects. [hidden
                  | defects expressed]
  2238 | D:3      | Reached XP level 5. HP: 38/38 MP: 5/5
  2470 | D:3      | Found Qexku's General Store.
  2625 | D:3      | Reached skill level 5 in Long Blades
  3019 | D:3      | Bought a wand of paralysis (6) for 172 gold pieces
  3259 | D:3      | Bought a scroll of identify for 24 gold pieces
  3323 | D:4      | Noticed an ogre
  3342 | D:4      | Reached XP level 6. HP: 28/44 MP: 6/6
  3383 | D:4      | Reached skill level 6 in Long Blades
  3472 | D:4      | Found a hide-covered altar of Uskayaw.
  3611 | D:4      | Found an ornate altar of the Wu Jian Council.
  3659 | D:4      | Gained mutation: Your demonic aura sometimes causes spilled
                  | blood to erupt in flames. [demonic ancestry]
  3659 | D:4      | Reached XP level 7. HP: 49/51 MP: 7/7
  4064 | D:3      | Bought a scroll of identify for 24 gold pieces
  4195 | D:5      | Entered Level 5 of the Dungeon
  4940 | D:5      | Reached skill level 7 in Long Blades
  5102 | D:5      | Found an iron altar of Okawaru.
  5456 | D:5      | Gained mutation: You regenerate magic rapidly. [demonic
                  | ancestry]
  5456 | D:5      | Reached XP level 8. HP: 60/60 MP: 8/8
  5466 | D:5      | Found Dunit's Antique Weapon Emporium.
  5477 | D:5      | Reached skill level 8 in Long Blades
  5652 | D:6      | Reached skill level 1 in Evocations
  5754 | D:6      | Noticed Edmund
  5775 | D:6      | Killed Edmund
  5874 | D:6      | Noticed Pikel
  5881 | D:6      | Killed Pikel
  5882 | D:6      | Reached skill level 9 in Long Blades
  5886 | D:6      | Noticed Eustachio
  5896 | D:6      | Killed Eustachio
  5897 | D:6      | Reached XP level 9. HP: 65/65 MP: 9/9
  6007 | D:6      | Reached skill level 10 in Long Blades
  6007 | D:6      | Reached skill level 1 in Armour
  6024 | D:6      | Found a shadowy altar of Dithmenos.
  6176 | D:6      | Noticed Dowan
  6177 | D:6      | Noticed Duvessa
  6177 | D:6      | Duvessa changed into Duvessa the boggart
  6177 | D:6      | Noticed Duvessa
  6183 | D:6      | Killed Duvessa the boggart
  6185 | D:6      | Dowan changed into Dowan the iguana
  6185 | D:6      | Noticed Dowan
  6186 | D:6      | Killed Dowan the iguana
  6351 | D:6      | Found a staircase to the Ecumenical Temple.
  6357 | Temple   | Entered the Ecumenical Temple
  6736 | D:6      | Reached skill level 1 in Invocations
  6896 | D:5      | Bought an ichor-stained trident for 255 gold pieces
  6896 | D:5      | Identified the +8 trident "Killer Bee's Foe" {venom, Contam
                  | rN+ Int+4 Dex+5} (You bought it in a shop on level 5 of the
                  | Dungeon)
  7033 | D:7      | Reached skill level 11 in Long Blades
  7041 | D:7      | HP: 3/65 [bullfrog (4)]
  7044 | D:7      | HP: 1/65 [killer bee (2)]
  7044 | D:7      | Slain by a killer bee

Illustrated notes

Levels and vault maps discovered:
D:1:      heliophobic_arrival_dark_side_of_the_moon, layout_basic,
          dreamdust_ecumenical_altar_angels_and_demons
D:2:      layout_basic, basic_altar
D:3:      layout_loops_ring, nicolae_tso_besieged_by_evil,
          mainiacjoe_overflow_concentric_impassable, serial_shops, shop
D:4:      layout_loops_ring, lemuel_doored_altar, nzn_wu_jian_council_hall
D:5:      layout_loops_corners, overflow_temple_1_default, serial_shops, shop
D:6:      layout_loops_ring, grunt_dithmenos_smoke,
          minmay_temple_entry_enclosed_plants, uniq_edmund, uniq_pikel,
          uniq_duvessa, uniq_eustachio
D:7:      layout_gridville, fedhas_bush_and_centaur_altar, uniq_prince_ribbit1
Temple:   nicolae_temple_bog_church

Skill      XL: |  1  2  3  4  5  6  7  8  9 |
---------------+----------------------------+-----
Dodging        | 3 4 |  4.0
Long Blades    | 3 4 5 6 7 9 11 | 11.0
Throwing       | 2 |  2.0
Fighting       | 4 |  4.0
Evocations     | 2 |  2.0
Armour         | 1 |  1.0
Invocations    | 1 |  1.6

Action                   |  1- 3 |  4- 6 |  7- 9 || total
-------------------------+-------+-------+-------++-------
Melee: Long sword        |    72 |   184 |   247 ||   503
       Headbutt          |     5 |     2 |       ||     7
       Punch             |       |       |     4 ||     4
Throw: Stone             |     5 |     6 |    23 ||    34
       Javelin           |     1 |     1 |       ||     2
Evoke: Wand              |       |     1 |     5 ||     6
  Use: Scroll            |     3 |     3 |     6 ||    12
       Potion            |     3 |     2 |     8 ||    13
 Stab: Sleeping          |     1 |     1 |       ||     2
       Paralysed         |       |     4 |       ||     4
Armor: Leather armour    |    25 |     2 |    70 ||    97
       Ring mail         |       |    57 |    59 ||   116
Dodge: Dodged            |    50 |    82 |   260 ||   392
Block: Other             |     9 |    55 |    83 ||   147

Table legend: (Time is in decaauts)
 A = Elapsed time spent in this place.
 B = Non-inter-level travel time spent in this place.
 C = Inter-level travel time spent in this place.
 D = Time resting spent in this place.
 E = Time spent auto-exploring this place.
 F = Levels seen in this place.
 G = Mean time per level.
                   A        B        C        D        E       F      G
               +--------+--------+--------+--------+--------+-----+--------+
         Total |   7207 |   5869 |   1338 |    498 |   3639 |   8 |  900.9 |
       Dungeon |   7037 |   5721 |   1316 |    498 |   3505 |   7 | 1005.3 |
        Temple |    170 |    148 |     22 |      0 |    134 |   1 |  170.0 |
               +--------+--------+--------+--------+--------+-----+--------+

Top non-repeatable levels by time:
     D:5: 1537 daAuts
     D:3: 1398 daAuts
     D:1: 1248 daAuts
     D:4: 1037 daAuts
     D:6: 973 daAuts
     D:2: 798 daAuts
  Temple: 170 daAuts
     D:7: 42 daAuts
